Cogmind - Beta 13 X1 @@@ ROGUE MODE // 2023.08.19 @ 21:50:27 Player: youngster Result: Destroyed by Y-45 Defender with Heavy Assault Rifle Performance ------------- Evolutions (2) 1000 Regions Visited (3) 600 Robots Destroyed (55) 275 Value Destroyed (1555) 1555 Prototype IDs (6) 120 Alien Tech Used (0) 0 Bonus (0) 0 TOTAL SCORE: 3550 Bonus ------- None Cogmind --------- Core Integrity 0/550 Matter 119/300 Energy 98/100 System Corruption 5% Temperature Cool (9) Movement Core (50) Location -8/Materials Parts ------- > --- POWER (1) -------- (None) > --- PROPULSION (3) --- Light Treads > --- UTILITY (4) ------ (None) > --- WEAPON (3) ------- (None) > --- INVENTORY (5) ---- Compact Matter Pod (7) Hardened Heavy Armor Plating Makeshift Armor Plating Great Maul Peak State ------------ > --- POWER ------------ Subdweller Power Source > --- PROPULSION ------- Light Treads Light Treads Improved Treads > --- UTILITY ---------- Huge Storage Unit Subdweller Optics Hardened Light Armor Plating Makeshift Armor Plating > --- WEAPON ----------- Heavy Assault Rifle Battle Rifle Makeshift Axe > --- INVENTORY -------- Light Treads Light Treads Light Treads Light Treads Large Matter Pod Compact Matter Pod Machine Analyzer Medium Armor Plating Makeshift Armor Plating Shield Generator Long-range Tractor Beam EM Pulse Gun Subdweller Laser Subdweller Laser Light EM Pulse Cannon Subdweller Beam Cannon Subdweller Beam Cannon Assault Rifle Light Assault Rifle Light Assault Rifle Light Assault Rifle Subdweller Shrapnel Launcher Great Maul [Rating: 27] Favorites ----------- Power Subdweller Power Source Engine Subdweller Power Source Power Core Light Nuclear Core Propulsion Light Treads Treads Light Treads Wheel Compact Wheel Utility High-capacity Storage Unit Device Seismic Detector Storage High-capacity Storage Unit Protection Makeshift Armor Plating Weapon Battle Cannon Energy Gun EM Pulse Gun Energy Cannon Subdweller Beam Cannon Ballistic Gun Light Assault Rifle Ballistic Cannon Battle Cannon Launcher Subdweller Shrapnel Launcher Slashing Weapon Makeshift Axe Build | -11 -10 -10 -8 ------- Run | Jun Mat Sub Mat Slots Evolved 4 | . . . 4 Power . | . . . . Propulsion 1 | . . . 1 Utility 2 | . . . 2 Weapon 1 | . . . 1 Parts Attached 116 | 7 26 42 41 Power 9 | 1 . 4 4 Engine 8 | 1 . 4 3 Core 1 | . . . 1 Reactor . | . . . . Propulsion 24 | 2 5 9 8 Treads 21 | 1 3 9 8 Leg . | . . . . Wheel 3 | 1 2 . . Hover . | . . . . Flight . | . . . . Utility 30 | 2 12 6 10 Device 15 | 1 6 2 6 Storage 5 | 1 2 1 1 Processor . | . . . . Hackware . | . . . . Protection 10 | . 4 3 3 Artifact . | . . . . Weapon 53 | 2 9 23 19 Energy Gun 12 | . 5 6 1 Energy Cannon 9 | . . 5 4 Ballistic Gun 15 | 2 4 2 7 Ballistic Cannon 1 | . . 1 . Launcher 3 | . . . 3 Special Weapon . | . . . . Impact Weapon . | . . . . Slashing Weapon 13 | . . 9 4 Piercing Weapon . | . . . . Special Melee Weapon . | . . . . Unidentified Prototypes . | . . . . Parts Lost 32 | . 1 13 18 Power 4 | . . 2 2 Propulsion 10 | . . 4 6 Utility 7 | . . 3 4 Weapon 11 | . 1 4 6 Highest Loss Streak 14 | . 1 9 14 To Critical Strikes 1 | . . 1 . Average Slot Usage (%) 93 | . 99 93 88 Engine 12 | . 14 13 7 Treads 23 | . 14 26 24 Wheel 4 | . 13 1 . Device 5 | . 12 1 10 Storage 8 | . 14 6 8 Protection 10 | . 1 13 13 Energy Gun 5 | . 12 3 . Energy Cannon 4 | . . 6 3 Ballistic Gun 6 | . 14 1 12 Ballistic Cannon 7 | . . 10 3 Slashing Weapon 3 | . . 5 2 Naked Turns 2 | . . . 2 Heaviest Build 109 | 14 50 60 109 Greatest Support 63 | 20 40 40 63 Greatest Overweight (x) 3 | . 3 3 2 Average Overweight (x) . | . 2 . . Largest Inventory Capacity 25 | 8 20 20 25 Average Capacity 14 | 7 17 11 21 Most Carried 24 | 4 20 20 24 Average Carried 12 | 3 15 10 17 Final Capacity 20 | 8 20 20 5 Final Carried 20 | 4 20 19 5 Class Distribution -------------------- 48% | Derelict-Mutant 44% | Mutant 4% | Derelict-Tank Dominant Class ---------------- Mutant | -10/Materials Derelict-Mutant | -10/Subcaves Derelict-Mutant | -8/Materials Resources | -11 -10 -10 -8 ----------- Run | Jun Mat Sub Mat Matter Collected 2062 | 323 429 742 568 Remotely . | . . . . Salvage Created 1905 | 159 522 507 717 Parts 120 | 15 35 29 41 Haulers Intercepted 2 | . 2 . . Recyclers Shooed 3 | 1 1 . 1 Parts Field Recycled . | . . . . Retrieved Matter . | . . . . Parts Self-Destructed 9 | . . 9 . Prevented . | . . . . Kills | -11 -10 -10 -8 ------- Run | Jun Mat Sub Mat Combat Hostiles Destroyed 36 | . 10 12 14 Melee 1 | . . 1 . Guns 18 | . 9 2 7 Cannons 9 | . . 8 1 AOE 7 | . 1 1 5 Classes Destroyed 16 | 2 7 2 5 Worker 2 | . 1 . 1 Builder 4 | . 1 . 3 Tunneler 5 | 5 . . . Hauler 2 | . 2 . . Recycler 3 | 1 . . 2 Mechanic 1 | . . . 1 Operator 1 | . 1 . . Watcher 1 | . 1 . . Swarmer 5 | . 3 . 2 Grunt 12 | . 7 . 5 Brawler 1 | . . . 1 Sentry 3 | . . . 3 Hunter 2 | . . . 2 Heavy 1 | . . . 1 Cobbler 1 | . . 1 . Subdweller 12 | . . 12 . Best Kill Streak 12 | 3 3 2 12 Combat Bots Only 7 | . 3 2 7 Max Kills in Single Turn 3 | 1 2 1 3 Gunslinging 1 | . 1 . . Exploded 2 | . 1 1 2 Melee 1 | . . 1 . Uniques/NPCs Destroyed . | . . . . Combat | -11 -10 -10 -8 -------- Run | Jun Mat Sub Mat Damage Taken 4687 | . 280 1734 2673 Core 800 | . 60 185 555 Absorbed by Shields 70 | . . . 70 Redirected to Shielding 22 | . 22 . . Core Remaining (%) 51 | 100 . 2 . Volleys Fired 183 | 28 41 70 44 Largest 3 | 2 2 2 3 Hottest 160 | 40 80 119 160 Shots Fired 393 | 56 82 138 117 Gun 307 | 56 82 84 85 Cannon 81 | . . 54 27 Launcher 5 | . . . 5 Special . | . . . . Kinetic 237 | 56 40 48 93 Thermal 50 | . . 26 24 Explosive . | . . . . Electromagnetic 106 | . 42 64 . Robot Hit Streak 85 | 9 8 85 11 Robot Miss Streak 4 | 3 4 2 2 Penetration Max . | . . . . Secondary Targets 4 | . 3 . 1 Max Gunslinging Chain 1 | . 1 . 1 Shots Hit Robots 290 | 34 47 123 86 Core Hits 97 | 12 25 19 41 Critical Kills 1 | . . . 1 Critical Parts Destroyed . | . . . . Critical Strikes 5 | . 2 . 3 Meltdown 1 | . . . 1 Destroy 1 | . . . 1 Blast 1 | . . . 1 Corrupt 2 | . 2 . . Melee Attacks 36 | . . 32 4 Impact . | . . . . Slashing 36 | . . 32 4 Piercing . | . . . . Sneak Attacks 3 | . . 1 2 Combat Hostiles . | . . . . Follow-up Attacks . | . . . . Damage Inflicted 4764 | 353 734 1373 2304 Guns 1957 | 353 573 201 830 Cannons 1361 | . . 937 424 Explosions 1103 | . 160 65 878 Melee 321 | . . 170 151 Ramming 22 | . 1 . 21 Kinetic 2641 | 353 223 358 1707 Thermal 1229 | . 160 644 425 Explosive . | . . . . Electromagnetic 551 | . 350 201 . Impact . | . . . . Slashing 321 | . . 170 151 Piercing . | . . . . Highest Corruption 5 | . 1 1 5 Average Corruption 1 | . 1 1 5 Corruption Purged . | . . . . Corruption Blocked . | . . . . Effects 49 | . . 31 18 Message Errors 12 | . . 6 6 Matter Fused 13 | . . 10 3 Heat Flow Errors 7 | . . 2 5 Energy Discharges 3 | . . 3 . Parts Rejected 1 | . . . 1 Parts Fused 1 | . . . 1 Data Loss (minor) 6 | . . 6 . Data Loss (major) 2 | . . 2 . Misfires 1 | . . . 1 Alerts 2 | . . 2 . Weapon Failures 1 | . . . 1 Overload Shots . | . . . . Overflow Damage 61 | . . . 61 Projectiles . | . . . . Explosions 61 | . . . 61 Melee . | . . . . Knockbacks 3 | . . 3 . Impact . | . . . . Kinetic 3 | . . 3 . Secondary . | . . . . Self-Inflicted Damage 197 | . 21 61 115 Shots 5 | . 1 1 3 Rammed 6 | . 1 . 5 Targets Rammed 6 | . 1 . 5 Kicked . | . . . . Crushed . | . . . . Highest Temperature 565 | . 126 237 565 Average Temperature 157 | . 48 29 216 Received Heat Transfer 1239 | . 108 351 780 Effects 23 | . . . 23 Shutdowns 5 | . . . 5 Energy Bleed 1 | . . . 1 Interference 1 | . . . 1 Matter Decay 3 | . . . 3 Short Circuit 3 | . . . 3 Damage (minor) 1 | . . . 1 Damage (major) 9 | . . . 9 Siege Activations . | . . . . Robots Corrupted . | . . . . Combat Hostiles . | . . . . Parts Fried 1 | . . 1 . Impact Corruptions . | . . . . Robots Melted 1 | . . . 1 Combat Hostiles 1 | . . . 1 Parts Melted 2 | . . 2 . Heat Transferred 1621 | . 250 827 544 Parts Sabotaged . | . . . . Parts Stolen . | . . . . Parts Stripped . | . . . . Power Chain Reactions 4 | . 3 1 . Missiles Intercepted . | . . . . Alert | -11 -10 -10 -8 ------- Run | Jun Mat Sub Mat Peak Influence 301 | 30 208 . 301 Initial 19 | . 19 . . Average 91 | 13 82 . 124 Maximum Alert Level 1 | . 1 . 1 Low Security (%) 92 | 100 98 . 81 Level 1 7 | . 1 . 18 Level 2 . | . . . . Level 3 . | . . . . Level 4 . | . . . . Level 5 . | . . . . High Security . | . . . . Max Security . | . . . . Squads Dispatched 6 | . 2 . 4 Investigation 1 | . 1 . . Extermination . | . . . . Reinforcement 5 | . 1 . 4 Assault . | . . . . Garrison . | . . . . Intercept . | . . . . Searches Triggered . | . . . . Construction Impeded 2 | . . . 2 Haulers Reinforced . | . . . . Active Scanning Responses . | . . . . Cargo Convoy Interrupts . | . . . . Stealth | -11 -10 -10 -8 --------- Run | Jun Mat Sub Mat Distress Signals 6 | . . . 6 Communications Jammed . | . . . . Distress Signals . | . . . . Times Spotted 68 | . 16 13 39 Peak Tracking Total 12 | . 3 2 12 Tactical Retreats 5 | . 1 . 4 Traps | -11 -10 -10 -8 ------- Run | Jun Mat Sub Mat Traps Triggered 4 | . 1 3 . Indirectly . | . . . . Trap Hack Attempts . | . . . . Triggered . | . . . . Disarmed . | . . . . Reprogrammed . | . . . . Reused 1 | . . 1 . Traps Extracted . | . . . . Installed 1 | . . 1 . Triggered . | . . . . Most Traps Carried 1 | . . 1 . Machines | -11 -10 -10 -8 ---------- Run | Jun Mat Sub Mat Machines Disabled 6 | . 3 . 3 Max in Single Turn 2 | . 2 . 1 Machines Repaired . | . . . . Machines Sabotaged . | . . . . Overloaded Fab Kills . | . . . . Hacking | -11 -10 -10 -8 --------- Run | Jun Mat Sub Mat Machines Accessed 12 | . 6 1 5 Terminals 10 | . 6 . 4 Fabricators . | . . . . Repair Stations . | . . . . Recycling Units . | . . . . Scanalyzers 1 | . . . 1 Garrison Access . | . . . . Total Hacks 43 | . 27 2 14 Successful 22 | . 12 2 8 Failed 21 | . 15 . 6 Catastrophic 4 | . 3 . 1 Database Lockouts . | . . . . Manual 33 | . 24 . 9 Terminals 39 | . 27 . 12 Fabricators . | . . . . Repair Stations . | . . . . Recycling Units . | . . . . Scanalyzers 2 | . . . 2 Garrison Access . | . . . . Terminal Hacks 15 | . 9 2 4 Record 2 | . . 2 . Part Schematic 2 | . 1 . 1 Robot Schematic 1 | . 1 . . Robot Analysis 2 | . 2 . . Prototype ID Bank 5 | . 4 . 1 Alert Level 1 | . . . 1 Locate Traps 2 | . 1 . 1 Fabricator Hacks . | . . . . Repair Station Hacks . | . . . . Recycling Unit Hacks . | . . . . Scanalyzer 2 | . . . 2 Insert Component 1 | . . . 1 Analyze 1 | . . . 1 Garrison Access Hacks . | . . . . Unauthorized Hacks 5 | . 3 . 2 Terminals 5 | . 3 . 2 Assimilate 1 | . . . 1 Botnet 2 | . 2 . . Operators 2 | . 1 . 1 Fabricators . | . . . . Repair Stations . | . . . . Recycling Units . | . . . . Scanalyzers . | . . . . Garrison Access . | . . . . Data Cores Recovered 1 | . 1 . . Used . | . . . . Hacking Detections 10 | . 6 . 4 Full Trace Events 2 | . 2 . . Feedback Events 1 | . 1 . . Corruption 1 | . 1 . . Feedback Blocked . | . . . . Robot Schematics Acquired 1 | . 1 . . Robots Built . | . . . . Authchips . | . . . . Time . | . . . . Total Robot Build Rating . | . . . . Part Schematics Acquired 3 | . 1 . 2 Parts Built . | . . . . Authchips . | . . . . Time . | . . . . Total Part Build Rating . | . . . . Parts Repaired . | . . . . Time . | . . . . Parts Recycled . | . . . . Recycled Matter . | . . . . Retrieved Matter . | . . . . Retrieved Components . | . . . . Parts Scanalyzed 1 | . . . 1 Part Schematics Acquired 1 | . . . 1 Parts Damaged . | . . . . Bothacking | -11 -10 -10 -8 ------------ Run | Jun Mat Sub Mat Used RIF Installer . | . . . . Robots Hacked . | . . . . Non-combat . | . . . . Combat . | . . . . Robot Hacks Applied . | . . . . Relay Couplers Released . | . . . . Fabnet Peak Effective % . | . . . . Robots Rewired . | . . . . Allies Hacked . | . . . . Hacks Repelled . | . . . . Allies | -11 -10 -10 -8 -------- Run | Jun Mat Sub Mat Total Allies . | . . . . Largest Group . | . . . . Highest-Rated Group . | . . . . Highest-Rated Ally . | . . . . Total Orders . | . . . . Ally Attacks . | . . . . Total Damage . | . . . . Kills . | . . . . Allies Corrupted . | . . . . Allies Melted . | . . . . Intel | -11 -10 -10 -8 ------- Run | Jun Mat Sub Mat Robot Analysis Total 2 | . 2 . . Derelict Logs Recovered 1 | . . 1 . Drone Launches . | . . . . Drone Recoveries . | . . . . Exploration | -11 -10 -10 -8 ------------- Run | Jun Mat Sub Mat Turns Passed 6241 | 291 1406 3531 1013 Spaces Moved 3152 | 125 873 1743 411 Core 116 | 1 . . 115 Treads 1997 | 118 48 1535 296 Legs . | . . . . Wheels 1039 | 6 825 208 . Hover . | . . . . Flight . | . . . . Fastest Speed 50 | 50 115 130 50 Average Speed 165 | 156 134 178 178 Slowest Speed 320 | 160 320 250 320 Overloaded Moves . | . . . . Propulsion Burnouts . | . . . . Robots Hopped . | . . . . Cave-ins Triggered . | . . . . Exploration Rate (%) 55 | 7 96 70 49 Regions Visited 3 Branch Regions 1 Pre-discovered Areas 2 | . . 2 . Known Exits Taken . | . . . . Unknown Exits Taken 3 | 1 1 1 . Scrap Searched 12 | . . 12 . Spaces Dug 22 | . . 10 12 Terrain Destroyed 75 | . 13 18 44 Melee 12 | . . 10 2 Projectile 8 | . . 2 6 AOE 55 | . 13 6 36 Terrain Rammed . | . . . . Walls Destroyed . | . . . . Machines Disabled . | . . . . Actions | -11 -10 -10 -8 --------- Run | Jun Mat Sub Mat Total 3749 | 167 1016 1979 587 Wait 157 | 4 49 42 62 Move 3149 | 124 872 1742 411 Hop . | . . . . Pick Up 66 | 4 18 31 13 Fast Attach 26 | 7 5 6 8 Attach 27 | . 1 12 14 Detach 4 | . 2 1 1 Swap 63 | . 20 24 19 Drop 28 | . 7 15 6 Fire 183 | 28 41 70 44 Melee 36 | . . 32 4 Ram 2 | . . . 2 Kick . | . . . . Crush 4 | . 1 . 3 Escape Stasis . | . . . . Rewire . | . . . . Trap 1 | . . 1 . Miscellaneous 3 | . . 3 . Route ------- -11/Junkyard -10/Materials (discovered 5 exits: [*Mat x3] / [*Min] / *Sub) -10/Subcaves (discovered 2 exits: *Mat x2) -8/Materials History --------- Turn | Location | Event 41 | -11/Junkyard | Discovered new exit (range 15) 292 | -11/Junkyard | Entered Materials 312 | -10/Materials | Build established: Mutant 338 | -10/Materials | Discovered new exit (range 6) 617 | -10/Materials | Discovered new exit (range 16) 1253 | -10/Materials | Discovered new exit (range 12) 1329 | -10/Materials | Discovered new exit (range 10) 1575 | -10/Materials | Discovered new exit (range 14) 1698 | -10/Materials | Entered Subcaves 1741 | -10/Subcaves | Learned Materials garrison access intel 1876 | -10/Subcaves | Discovered new exit (range 13) 1903 | -10/Subcaves | Shifting Twisted Machinery released Sub. Beam Cannon 1917 | -10/Subcaves | Shifting Twisted Machinery released Mak. System Shield 2025 | -10/Subcaves | A swath of the cavern ceiling suddenly collapsed 2171 | -10/Subcaves | Core integrity fell below 50% 2302 | -10/Subcaves | Lost 9 parts (2p3n2u2w) 2588 | -10/Subcaves | Learned location of Zion (-6) 2588 | -10/Subcaves | Met a Zionite searching for "candidates" 2625 | -10/Subcaves | Shifting Twisted Machinery released Sub. Power Source 2763 | -10/Subcaves | Build established: Derelict-Mutant 2876 | -10/Subcaves | Shifting Twisted Machinery released Mak. Armor Plating 2917 | -10/Subcaves | Visited Clippyterm 2921 | -10/Subcaves | Learned location of Deep Caves (-6) 2991 | -10/Subcaves | Core integrity fell below 20% 3052 | -10/Subcaves | Shifting Twisted Machinery released Sub. Power Source 3061 | -10/Subcaves | Discovered new exit (range 9) 3471 | -10/Subcaves | Ambushed by Subdwellers from Twisted Machinery 5229 | -10/Subcaves | Entered Materials 5229 | -8/Materials | Evolved 4 slots: Propulsion x1, Utility x2, Weapon x1 5230 | -8/Materials | Loaded intel: 1 garrison access location 5539 | -8/Materials | Destroyed 7 combat bots 6151 | -8/Materials | Core integrity fell below 50% 6168 | -8/Materials | Released all parts (7) 6179 | -8/Materials | Lost 14 parts (2p6n3u3w) 6221 | -8/Materials | Core integrity fell below 20% 6242 | -8/Materials | Destroyed by Y-45 Defender with Heavy Assault Rifle Last Messages --------------- 06168_ Released Lgt. Assault Rifle. 06168_ Dropped Lrg. Matter Pod. 06169_ Dropped Broken Lgt. Treads. 06170_ Acquired Lgt. Treads. 06173_ Acquired Mak. Axe. 06176_ Acquired Hrd. Heavy Armor Plating. 06178_ Acquired 40 matter. 06182_ Mak. Axe destroyed. 06184_ System corrupted: Lgt. Treads rejected. 06184_ Acquired Lgt. Treads. 06207_ O-16 Technician: "IFF HANDSHAKE FAILED. SECURING TERMINAL." 06210_ Connecting with Terminal... >>Trojan(Assimilate) Trojan loaded successfully. Testing... System interface override in place. 06212_ DKPOCMZZQFDOT0EPV,GHJQ#W 06240_ Slammed into G-47 Trooper. 06241_ Lgt. Treads broken. 06241_ Destabilizing: Short circuit. Map ----- +----------------------------------------------------+ | ??????????????????# #??????? ???????????????????? | | ??????????????????# #??#####/##??????????????????? | | ??????????????????#%#### #??????????????????? | | ?????????????????##%#!## #??????????????????? | | ?????????????????##! #?# #??????????? #???? | | ?????????????????##=##?# #??????????+ #???? | | ??????????????????#[#??# "T" #??????????# #???? | | ?????????????????##[#### ????????????# #???? | | ???????#######+###!%%[!###/############### #???? | | ????? [!]=[ =! #???? | | ????? !!!!!= =* #???? | | ????? *[!!=== #???? | | ?????### #######[!]] ############# #???? | | ???????# ????????###+###??#######??# #???? | | ??????????????????? ????? ?# #???? | | ???????????????????"""????? """ ?# """ #???? | | ???????????????????"""????? """ # """ [ #???? | | ???????????????????"""???# """ # """ ####? | | ???????????????????"""????# [! + ## | | ??????????????????????????# """ ! # + | | ??????????????????????????? """ ########+## # | | ??????????????????????????? """ ??????| # # | | ??????????????????????????? ???? !# # | | ??????????????????????????#######/#?? """"" # # | | ??????????????????############??# #?# """"" !# # | | ??????????????????# g@! #### ### """"" # + | | ??????????????????# g""" g # # # # | | ??????o???????????# """""g # ########## ## | | ??????????????????#g""""" Y Y T" ! | | ??????????o???????# """"" # " | | ??????????????????# """g # ##### #####+# | | ??????????????????# g # #???# #?? | | ??????????????????##############+######## # ! | | ?????????????????????# ! * # + | | ?????????????????????# + # """ | | ?????????????????????# #### """"" | | ?????????????????????# #??# """"" | | ?????????????????????# #??# """"" | | ?????????????????????# " """"" ! #??#???"" | | ?????????????????????# """"""""" #????????? | | ?????????????????????# """ """ #????????? | | ?????????????????????###?################????????? | | | | | | | | | | | | | | | | | +----------------------------------------------------+ Best States ------------- Heat Dissipation 53 Energy Generation 16 Energy Capacity 290 Matter Stores 300 Matter Capacity 300 Sight Range 21 Terrain Scan Range 16 Terrain Scan Density 10 Armor Coverage 800 Propulsion Shielding 33 Utility Shielding 33 Evasion (%) 50 Recoil Reduction 3 Item Schematics ----------------- Huge Storage Unit | -10/Materials | Hacked Sub. Shrapnel Launcher | -8/Materials | Scanalyzed Lrn. Tractor Beam | -8/Materials | Hacked Robot Schematics ------------------ M-13 Machinist | -10/Materials | Hacked Fabricated ------------ Nothing Alien Tech Used ----------------- None Achievements -------------- None Challenges ------------ None Game ------ Seed RelayWeldingEngine Manual? 0 Play Time 00:46:06 Cumulative 421.2 hours Start 2023.08.17 @ 22:23:02 End 2023.08.19 @ 21:50:27 Sessions 3 Manual Loads 0 Difficulty Rogue Special Mode None Game No. 185 Rogue 185 Adventurer 0 Explorer 0 Win Type - Total 9 Types 6/0/1/1/0/0/0/1/0 Lore% 85 Gallery% 91 Achievement% 71 Wizard Run 0 Options --------- ASCII 1 Keyboard 1 Movement Vi Keybinds 0 Fullscreen 2 Font 18/SmallcapsGlow Map View 76x50 Tactical HUD 1 Map Filters NONE Filters NONE Steam 0 RUN: 826a55c0-311a-4a4d-ae8e-b2e5d187d1d0